 Dungeon Crawl Stone Soup version 0.26.1-2-gb8aa6d0cf2 (webtiles) character file.

Game seed: 9058511592479819537

1135 sking99 the Chopper (level 8, -5/69 (74) HPs)
             Began as a Palentonga Fighter on Feb 20, 2021.
             Was an Initiate of Dithmenos.
             Slain by an orc warrior
             ... wielding a +2 scimitar of draining
              (23 damage)
             ... on level 6 of the Dungeon.
             The game lasted 00:11:25 (5471 turns).

sking99 the Chopper (Palentonga Fighter)            Turns: 5471, Time: 00:11:26

HP:   -5/69 (74)    AC: 15    Str: 21      XL:     8   Next: 14%
MP:   8/8           EV:  6    Int: 10      God:    Dithmenos [......]
Gold: 307           SH:  9    Dex:  7 (9)  Spells: 7/7 levels left

rFire    . . .     SeeInvis +   a - +0 war axe
rCold    . . .     Faith    .   c - +0 kite shield
rNeg     . . .     Spirit   .   b - +0 scale mail
rPois    .         Reflect  .   (no helmet)
rElec    .         Harm     .   q - +1 cloak
rCorr    .         Rampage  .   (no gloves)
Will     .....                  (no barding)
Stlth    ..........             (no amulet)
HPRegen  0.21/turn              (no ring)
MPRegen  0.11/turn              (no ring)

@: drained, curled up
A: large, rugged brown scales 3, see invisible, deformed body, roll 1, armoured
tail, reflexive curl
a: Rolling Charge, Renounce Religion


You were on level 6 of the Dungeon.
You worshipped Dithmenos.
Dithmenos was noncommittal.
You visited 1 branch of the dungeon, and saw 7 of its levels.

You collected 307 gold pieces.

Inventory:

Hand Weapons
 a - a +0 war axe (weapon)
Missiles
 j - 5 atropa-tipped darts
Armour
 b - a +0 scale mail (worn)
 c - a +0 kite shield (worn)
 q - a +1 cloak (worn)
Jewellery
 g - a cursed amulet of inaccuracy {unknown}
 i - an uncursed ring of resist corrosion {unknown}
 v - an uncursed amulet of the acrobat {unknown}
 x - an uncursed amulet of regeneration {unknown}
 y - an uncursed ring of flight {unknown}
Wands
 r - a wand of digging (6)
Scrolls
 f - a scroll of acquirement {unknown}
 n - a scroll of remove curse {unknown}
 s - a scroll of blinking {unknown}
 t - a scroll of enchant weapon {unknown}
 z - 2 scrolls of noise {unknown}
Potions
 d - a potion of might
 e - 2 potions of curing
 h - a potion of magic
 k - a potion of berserk rage
 l - a potion of haste
 m - a potion of cancellation
 o - a potion of ambrosia {unknown}
 p - a potion of heal wounds {unknown}
 u - a potion of brilliance {unknown}
 w - a potion of degeneration {unknown}


   Skills:
 + Level 5.7 Fighting
 * Level 7.3 Axes
 - Level 2.4 Armour
 + Level 4.3 Shields


You had 7 spell levels left.
You didn't know any spells.
Your spell library contained the following spells:

 Spells                   Type           Power        Failure   Level
 Foxfire                  Conj/Fire      0%           96%         1
 Conjure Flame            Conj/Fire      0%           100%        3
 Inner Flame              Hex/Fire       0%           100%        3
 Sticky Flame             Conj/Fire      0%           100%        4
 Fireball                 Conj/Fire      0%           100%        5


Dungeon Overview and Level Annotations

Branches:
Dungeon (7/15)             Temple (0/1) D:5

Altars:
Ashenzari
Dithmenos
Elyvilon
Hepliaklqana
Makhleb
Nemelex Xobeh
Ru
Xom
The Shining One


Innate Abilities, Weirdness & Mutations

You are completely covered in rugged brown scales. (AC +3, +7% HP)
You have supernaturally acute eyesight. (SInv)
Armour fits poorly on your strangely shaped body.
You can roll at nearby foes to attack.
You have a long armoured tail.
You curl defensively after being hit.


Message History

You climb upwards.
You feel sick.
There is a stone staircase leading down here.
You feel better.
The orc warrior hits you with a +2 scimitar of draining!
* * * LOW HITPOINT WARNING * * *
You feel drained.
* * * LOW HITPOINT WARNING * * *
The orc wizard hits you with a +0 dagger.
* * * LOW HITPOINT WARNING * * *
You block the worker ant's attack.
You slash the worker ant!
You kill the worker ant!
Dithmenos accepts your kill.
You barely miss the orc warrior. You slash the orc wizard!
You kill the orc wizard!
Dithmenos accepts your kill. The orc warrior barely misses you.
You barely miss the orc warrior.
The orc warrior hits you with a +2 scimitar of draining!!
You die...

.# #...##.# #.###........## .#
#.#....#####.....#.###.#.. .#
#...#...[..........# #..## .#
##.##.##########.#.###.## .#
##.##.##...>...........#
.#######...#.##.###.#######.###
.(.......#...##.# #.# ###
#.######...[[.#.###.# ....#
##.......@o..# #.#.#
#.#...#)##### ..#.#####.##.##.#
..#.##..........#
..#.......##.####
..####.#####.# .......# #.#
#.##########.# #............#


You could see an orc warrior.

Vanquished Creatures
  Sigmund (D:4)
  A sky beast (D:6)
  A black bear (D:6)
  3 wights (D:6)
  4 crimson imps (D:3)
  A hound (D:4)
  A bullfrog skeleton (D:5)
  A quasit (D:6)
  Crazy Yiuf (D:4)
  3 orc wizards
  3 worker ants
  A hound skeleton (D:6)
  9 adders
  6 gnolls
  A howler monkey zombie (D:5)
  2 shadow imps
  A white imp (D:6)
  An ufetubus (D:5)
  An ooze (D:4)
  An adder skeleton (D:7)
  A worm (D:4)
  A leopard gecko (D:5)
  9 orcs
  5 giant cockroaches
  8 goblins
  6 hobgoblins
  2 quokkas
  8 bats
  3 frilled lizards
  2 kobolds
  A leopard gecko skeleton (D:3)
  A quokka skeleton (D:5)
  7 rats
97 creatures vanquished.

Notes
Turn   | Place    | Note
-------+----------+-------------------------------------------
     0 | D:1      | sking99 the Palentonga Fighter began the quest for the Orb.
     0 | D:1      | Reached XP level 1. HP: 20/20 MP: 1/1
   450 | D:1      | Reached XP level 2. HP: 23/27 MP: 2/2
   753 | D:2      | Reached skill level 3 in Axes
   756 | D:2      | Reached XP level 3. HP: 21/33 MP: 3/3
  1627 | D:3      | Reached XP level 4. HP: 34/42 MP: 4/4
  1990 | D:3      | Found a shimmering altar of Xom.
  2028 | D:3      | Reached skill level 4 in Axes
  2055 | D:3      | Reached XP level 5. HP: 40/49 MP: 5/5
  2235 | D:4      | You fall into a shaft and drop 2 floors!
  2335 | D:5      | Entered Level 5 of the Dungeon
  2387 | D:4      | Reached skill level 5 in Axes
  2387 | D:4      | Reached XP level 6. HP: 56/56 MP: 6/6
  2394 | D:4      | Found a hazy altar of Hepliaklqana.
  2394 | D:4      | Found a sparkling altar of Nemelex Xobeh.
  2396 | D:4      | Found a shadowy altar of Dithmenos.
  2588 | D:4      | Became a worshipper of Dithmenos the Shadowed
  2594 | D:4      | Noticed Sigmund
  2615 | D:4      | Killed Sigmund
  3221 | D:4      | Found a runed translucent door.
  3222 | D:4      | Noticed Crazy Yiuf
  3230 | D:4      | Killed Crazy Yiuf
  3231 | D:4      | Gained mutation: You curl defensively after being hit.
                  | [Palentonga growth]
  3231 | D:4      | Reached XP level 7. HP: 50/64 MP: 3/7
  3383 | D:5      | Found a staircase to the Ecumenical Temple.
  3546 | D:5      | Reached skill level 6 in Axes
  3794 | D:5      | Reached skill level 5 in Fighting
  3898 | D:5      | Found a broken altar of Ashenzari.
  3986 | D:5      | Found a white marble altar of Elyvilon.
  3986 | D:5      | Found a faded altar of an unknown god.
  4139 | D:5      | Found a sacrificial altar of Ru.
  4141 | D:5      | Found a glowing golden altar of the Shining One.
  4143 | D:5      | Found a burning altar of Makhleb.
  4852 | D:6      | Reached skill level 7 in Axes
  4852 | D:6      | Reached XP level 8. HP: 64/73 MP: 8/8
  5471 | D:6      | Slain by an orc warrior

Illustrated notes

Levels and vault maps discovered:
D:1:      dpeg_arrival_erosion, layout_basic
D:2:      layout_rooms
D:3:      minmay_angry_zag, layout_rooms, led_xom_imps
D:4:      layout_cave_pools, chequers_temple_overflow_statue_of_worship,
          uniq_sigmund, uniq_crazy_yiuf_cottage
D:5:      layout_gridville, chequers_temple_overflow_minitemple,
          ashenzari_conservatory_becter, temple_hall
D:6:      layout_loops_ring
D:7:      minmay_the_grid_square_5x5_3x3 [minmay_the_grid_square_5x5_meh,
          minmay_the_grid_square_5x5_trominoes, minmay_the_grid_square_5x5_two,
          minmay_the_grid_square_5x5_eight,
          minmay_the_grid_square_5x5_megaprize_hollow,
          minmay_the_grid_square_5x5_misaligned,
          minmay_the_grid_square_5x5_seven, minmay_the_grid_square_5x5_shuriken,
          minmay_the_grid_square_5x5_three_small], layout_loops_cross,
          basic_altar, st_stairs_12, uniq_harold, uniq_maggie, uniq_pikel

Skill      XL: |  1  2  3  4  5  6  7 |
---------------+----------------------+-----
Axes           | 3 4 5 7 |  7.3
Fighting       | 4 5 |  5.7
Shields        | 3 4 |  4.3
Armour         | |  2.4

Action                   |  1- 3 |  4- 6 |  7- 9 || total
-------------------------+-------+-------+-------++-------
Melee: War axe           |    89 |   145 |   175 ||   409
       Tailslap          |     9 |    15 |    19 ||    43
 Abil: Rolling Charge    |     9 |     6 |     9 ||    24
  Use: Scroll            |       |     7 |     1 ||     8
       Potion            |       |       |     1 ||     1
 Stab: Distracted        |       |     1 |       ||     1
Armor: Scale mail        |    49 |    78 |   112 ||   239
Dodge: Dodged            |    27 |    35 |    68 ||   130
Block: Kite shield       |    40 |    81 |   106 ||   227
